 Dungeon Crawl Stone Soup version 0.24.0-125-gc4c63601f3 (webtiles) character file.

Game seed: 5330984801203987935, levelgen mode: deterministic

1906 M4edhros the Martial Artist (level 9, -2/51 HPs)
             Began as an Octopode Necromancer on Mar 2, 2020.
             Slain by a wraith (15 damage)
             ... on level 7 of the Dungeon.
             The game lasted 00:24:07 (3988 turns).

M4edhros the Martial Artist (Octopode Necromancer)  Turns: 3988, Time: 00:24:08

Health: -2/51      AC:  1    Str:  7    XL:     9   Next: 16%
Magic:  12/12      EV: 18    Int: 17    God:
Gold:   103        SH:  0    Dex: 20    Spells: 7/12 levels left

rFire    + + .     SeeInvis .     - Unarmed
rCold    x x .     Gourm    .   (no shield)
rNeg     . . .     Faith    .   (helmet restricted)
rPois    .         Spirit   .   (no amulet)
rElec    .         Reflect  .   e - ring of fire
rCorr    .         Harm     .   g - +4 ring of dexterity
MR       .....                  j - ring of fire
Stlth    +++++.....             f - ring of stealth
HPRegen  0.17/turn              (no ring)
MPRegen  0.13/turn              (no ring)
                                (no ring)
                                (no ring)

@: slowed, very slow
A: almost no armour, stealthy swim, amphibious, 8 rings, constrict 8, camouflage
1, gelatinous body 1
a: no special abilities


You were on level 7 of the Dungeon.
You were not hungry.

You visited 2 branches of the dungeon, and saw 8 of its levels.

You collected 258 gold pieces.
You spent 155 gold pieces at shops.

Inventory:

Hand Weapons
 d - a +0 flail of protection
Missiles
 h - 4 atropa-tipped darts
 p - 7 javelins (quivered)
Jewellery
 e - a ring of fire (left tentacle)
 f - a ring of stealth (on tentacle)
 g - a +4 ring of dexterity (right tentacle)
 j - a ring of fire (on tentacle)
 t - an uncursed ring of magical power {unknown}
Wands
 x - a wand of polymorph (13)
Scrolls
 a - 2 scrolls of amnesia {unknown}
 c - 2 scrolls of remove curse {unknown}
 k - 5 scrolls of identify {unknown}
 m - a scroll of blinking {unknown}
 n - 3 scrolls of immolation {unknown}
 o - a scroll of enchant armour {unknown}
 v - a scroll of fear {unknown}
 w - a scroll of enchant weapon {unknown}
Potions
 i - 2 potions of haste
 l - 2 potions of flight
 q - a potion of cancellation {unknown}
 r - a potion of mutation {unknown}
 u - a potion of curing
 z - a potion of heal wounds {unknown}
Comestibles
 b - 14 rations
 s - 6 chunks of flesh


   Skills:
 - Level 0.3 Fighting
 + Level 6.5 Dodging
 - Level 3.0 Stealth
 + Level 9.3 Unarmed Combat
 - Level 2.1 Spellcasting
 - Level 4.5 Necromancy


You had 7 spell levels left.
You knew the following spells:

 Your Spells              Type           Power        Failure   Level  Hunger
a - Pain                  Necr           ###.         3%          1    #......
b - Animate Skeleton      Necr           N/A          3%          1    #......
c - Regeneration          Chrm/Necr      #.........   22%         3    ###....

Your spell library contained the following spells:

 Spells                   Type           Power        Failure   Level  Hunger
 Vampiric Draining        Necr           ###.......   9%          3    ###....
 Animate Dead             Necr           N/A          28%         4    #####..


Dungeon Overview and Level Annotations

Branches:
Dungeon (7/15)             Temple (1/1) D:5

Altars:
Ashenzari
Dithmenos
Fedhas
Gozag
Hepliaklqana
Kikubaaqudgha
Nemelex Xobeh
Okawaru
Ru
Sif Muna
Trog
Uskayaw
Vehumet
Wu Jian
Xom
Yredelemnul
Zin
The Shining One

Shops:
D:4 *

Annotations:
D:3 Natasha


Innate Abilities, Weirdness & Mutations

You cannot wear most types of armour.
You are very stealthy in the water. (Stealth+)
You are amphibious.
You can wear up to eight rings at the same time.
You can use your tentacles to constrict eight enemies at once.
Your skin changes colour to match your surroundings (Stealth+).
Your rubbery body absorbs attacks. (AC +1, EV +1)


Message History

The wraith misses you.
You tentacle-slap the wraith but do no damage.
Your tentacle-slap misses the wraith.
You squeeze the wraith, but do no damage.
The wraith is almost destroyed.
Your howler monkey skeleton closely misses the wraith.
Your orc wizard skeleton closely misses the wraith.
The wraith closely misses you.
You barely miss the wraith.
You squeeze the wraith, but do no damage.
The wraith is almost destroyed.
Your howler monkey skeleton hits the wraith but does no damage.
Your orc wizard skeleton completely misses the wraith.
The wraith hits you!
* * * LOW HITPOINT WARNING * * *
Your howler monkey skeleton hits the wraith but does no damage.
You tentacle-slap the wraith but do no damage.
The wraith is almost destroyed.
The wraith hits you!
You die...

...#######..#.
.......###.#. .#
##.###.##... .#
##..##....# .#
#.........#### .##
..##.......Z.# .%#
## #..Z...##.#
##..##
##......##.###....#
##..Z######..ZZ@#
#..#.# ####ZW#
#.##..# #...#
##.###.# #..#...
...# .# ...###....
#### .. #### #.....
####. ... #.>..
.....# #... ....##
...


You could see a wraith, a friendly orc skeleton, a friendly orc wizard skeleton
and a friendly howler monkey skeleton.

Vanquished Creatures
  Edmund (D:4)
  An orc warrior (D:5)
  A black bear (D:5)
  2 ogres (D:4)
  A centaur (D:5)
  A bullfrog (D:5)
  A howler monkey (D:7)
  A vampire bat (D:3)
  3 crimson imps
  A bullfrog zombie (D:6)
  3 orc priests
  3 hounds (D:4)
  8 orc wizards
  2 bullfrog skeletons
  A centaur skeleton (D:6)
  Natasha (D:3)
  An iguana (D:4)
  3 worker ants
  2 hound skeletons (D:5)
  A worker ant zombie (D:7)
  6 adders
  9 gnolls
  4 worms
  4 dart slugs
  21 orcs
  2 ball pythons
  8 bats
  4 bat skeletons (D:3)
  2 bat zombies (D:3)
  2 giant cockroaches (D:1)
  5 goblins
  6 hobgoblins
  5 jackals
  3 quokkas
  A frilled lizard (D:1)
  4 kobolds
  2 quokka skeletons (D:5)
  2 rats (D:1)
128 creatures vanquished.

Vanquished Creatures (collateral kills)
  Sigmund (D:4)
  A howler monkey (D:7)
  A vampire bat (D:3)
  Natasha (D:3)
  A worker ant (D:5)
  A gnoll (D:3)
  An orc (D:4)
  A bat (D:2)
8 creatures vanquished.

Grand Total: 136 creatures vanquished

Notes
Turn   | Place    | Note
-------+----------+-------------------------------------------
     0 | D:1      | M4edhros the Octopode Necromancer began the quest for the
                  | Orb.
     0 | D:1      | Reached XP level 1. HP: 11/11 MP: 3/3
   122 | D:1      | Learned a level 1 spell: Animate Skeleton
   208 | D:2      | Reached XP level 2. HP: 8/17 MP: 5/5
   616 | D:2      | Reached XP level 3. HP: 17/21 MP: 6/6
   621 | D:2      | Learned a level 3 spell: Regeneration
   682 | D:2      | Found an opulent altar of Gozag.
   851 | D:2      | Reached skill level 1 in Unarmed Combat
   998 | D:3      | Found an ancient bone altar of Kikubaaqudgha.
  1022 | D:3      | Reached skill level 2 in Unarmed Combat
  1022 | D:3      | Reached XP level 4. HP: 6/27 MP: 3/7
  1026 | D:3      | Reached skill level 3 in Unarmed Combat
  1389 | D:3      | Noticed Natasha
  1400 | D:3      | Killed Natasha
  1400 | D:3      | Reached XP level 5. HP: 19/31 MP: 8/8
  1602 | D:3      | Reached skill level 4 in Unarmed Combat
  1658 | D:3      | Noticed Natasha
  1668 | D:3      | Killed Natasha
  1723 | D:3      | Reached XP level 6. HP: 30/36 MP: 9/9
  1819 | D:3      | Noticed Natasha
  1899 | D:4      | Reached skill level 5 in Unarmed Combat
  1970 | D:4      | Noticed Edmund
  2036 | D:4      | Killed Edmund
  2036 | D:4      | Reached skill level 6 in Unarmed Combat
  2036 | D:4      | Reached XP level 7. HP: 18/41 MP: 7/10
  2147 | D:4      | Reached skill level 7 in Unarmed Combat
  2400 | D:4      | Noticed Sigmund
  2408 | D:4      | Killed Sigmund
  2408 | D:4      | Reached XP level 8. HP: 24/46 MP: 6/11
  2452 | D:4      | Found a blossoming altar of Fedhas.
  2473 | D:4      | Found Nayriupt's Assorted Antiques.
  2480 | D:4      | Bought a sapphire ring for 155 gold pieces
  2618 | D:5      | Entered Level 5 of the Dungeon
  2802 | D:5      | Reached skill level 8 in Unarmed Combat
  2933 | D:5      | Found a staircase to the Ecumenical Temple.
  2938 | Temple   | Entered the Ecumenical Temple
  3117 | D:5      | Reached skill level 5 in Dodging
  3128 | D:5      | Found a hazy altar of Hepliaklqana.
  3252 | D:5      | Found a sparkling altar of Nemelex Xobeh.
  3403 | D:6      | Found a glowing silver altar of Zin.
  3643 | D:5      | Reached skill level 9 in Unarmed Combat
  3643 | D:5      | Reached XP level 9. HP: 29/51 MP: 1/12
  3988 | D:7      | Slain by a wraith

Levels and vault maps discovered:
D:1:      nagdon_arrival_zigzag_paths, layout_basic
D:2:      layout_basic, grunt_gozag_statues, serial_glass, glass_columns_a,
          glass_columns_c, first_ration
D:3:      layout_basic, kennysheep_vampire_church, kennysheep_boxes,
          uniq_natasha
D:4:      layout_loops_cross, serial_shops, nicolae_shop_stone,
          ebering_ghost_sewer_f, fedhas_altar_4, uniq_edmund, uniq_sigmund
D:5:      black_bear_nest_2, layout_gridville,
          nemelex_xobeh_ov_fountains_minmay, lemuel_round_altar,
          minmay_temple_entry_ruins
D:6:      layout_basic, zin_statuary, grunt_qazlal_sundering
D:7:      layout_rooms
Temple:   nicolae_temple_figure_eight

Skill      XL: |  1  2  3  4  5  6  7  8 |
---------------+-------------------------+-----
Stealth        | 3 |  3.0
Unarmed Combat | 2 3 4 6 7 9 |  9.3
Dodging        | 3 6 |  6.5
Fighting       | |  0.3
Spellcasting   | |  2.1
Necromancy     | |  4.5

Action                   |  1- 3 |  4- 6 |  7- 9 || total
-------------------------+-------+-------+-------++-------
Melee: Unarmed           |   115 |   103 |   253 ||   471
       Constrict         |    34 |    23 |    62 ||   119
       Tentacles         |    25 |    39 |    65 ||   129
       Punch             |       |     8 |    17 ||    25
 Cast: Animate Skeleton  |    10 |     8 |    20 ||    38
       Regeneration      |     4 |    11 |    32 ||    47
       Pain              |     2 |     4 |     3 ||     9
  Use: Potion            |       |     4 |     3 ||     7
 Stab: Sleeping          |    10 |     3 |     5 ||    18
       Distracted        |     1 |       |     2 ||     3
  Eat: Chunk             |     1 |     6 |     9 ||    16
       Ration            |       |       |     1 ||     1
Armor: Skin              |    17 |     4 |     7 ||    28
Dodge: Dodged            |   100 |    61 |   158 ||   319
